Map: Void Training Stage 3

Players

Dakare

  • Race: Zerg Zerg
  • Spawn Location: 12:00

Player 2 - Winner!

  • Race: Protoss Protoss
  • Spawn Location: 6:00

VOD

Have the link to the VOD?

Description

Time

  • Played on: Jan. 2, 2018, 7:46 a.m.
  • Length: 8:37
Show
View Real Time Build Order
Export as new Build Order

Dakare Zerg 

Build Orders: Hatch First 

Get SALT Encoding   

  12  0:00  Drone  
  13  0:13  Overlord  
  13  0:19  Drone  
  14  0:31  Drone  
  14  0:32  Drone  
  16  0:37  Drone  
  17  0:53  Hatchery  
  17  0:56  Drone  
  17  1:02  Drone  
  18  1:11  Extractor  
  17  1:12  Drone  
  18  1:19  Spawning Pool  
  18  1:24  Drone  
  18  1:30  Drone  
  19  1:42  Overlord  
  19  2:02  Drone x2  
  19  2:06  Queen x2  
  25  2:13  Drone x2  
  27  2:33  Drone x3  
  30  2:41  Queen  
  32  2:45  Hatchery  
  31  2:51  Drone  
  31  2:52  Drone x3  
  35  2:59  Overlord  
  35  3:01  Overlord  
  35  3:08  Drone  
  36  3:18  Extractor  
  35  3:22  Drone x5  
  35  3:23  Drone x3  
  43  3:35  Drone x3  
  46  3:41  Lair  
  46  3:44  Drone  
  47  3:52  Extractor  
  47  3:53  Drone x2  
  47  3:55  Extractor  
  47  4:08  Roach Warren  
  46  4:16  Evolution Chamber  
  45  4:30  Drone x3  
  45  4:31  Drone x2  
  50  4:35  Drone  
  50  4:36  Overlord, Drone x7  
  50  4:37  Overlord  
  58  4:55  Glial Reconstitution  
  58  4:58  Zerg Missile Weapons Level 1  
  58  4:59  Roach  
  60  5:00  Drone  
  60  5:01  Drone x7  
  69  5:14  Drone x2  
  69  5:15  Drone x4  
  69  5:16  Overlord  
  69  5:17  Overlord x2  
  74  5:26  Hatchery  
  73  5:34  Extractor  
  72  5:38  Extractor  
  72  5:39  Roach  
  72  5:40  Roach x11  
  95  5:45  Overlord x3  
  95  6:06  Drone x2  
  95  6:07  Drone x3  
  100  6:14  Roach  
  100  6:15  Roach x9  
  120  6:19  Overlord  
  120  6:32  Roach  
  122  6:33  Overlord x5  
  122  6:34  Overlord  
  122  6:46  Queen  
  124  6:48  Roach x5  
  134  6:54  Roach  
  134  6:55  Roach x4  
  134  7:00  Tunneling Claws  
  144  7:03  Roach  
  144  7:04  Roach x3  
  152  7:16  Roach  
  152  7:17  Roach x6  
  168  7:23  Roach x6  
  178  7:30  Roach  
  178  7:31  Roach  
  182  7:41  Roach  
  182  7:42  Roach  
  182  7:44  Overlord x10  
  181  7:52  Roach  
  181  7:53  Roach  
  183  8:09  Roach x6  
  183  8:10  Roach x2  
Show
View Real Time Build Order
Export as new Build Order

Player 2 Protoss - Winner!

Build Orders:  

Get SALT Encoding   

  12  0:00  Probe  
  13  0:13  Probe  
  14  0:21  Pylon  
  14  0:25  Probe  
  15  0:39  Probe  
  16  0:47  Assimilator  
  16  0:51  Gateway, Probe  
  17  1:00  Pylon  
  17  1:03  Probe  
  18  1:31  Gateway  
  18  1:35  Assimilator  
  18  1:41  Cybernetics Core  
  18  1:42  Zealot  
  20  2:09  Zealot  
  20  2:11  Pylon  
  22  2:23  Warp Gate  
  22  2:24  Stalker  
  24  2:46  Stalker  
  26  2:57  Pylon  
  26  3:07  Stalker, Probe  
  30  3:20  Probe  
  30  3:29  Adept  
  30  3:31  Forge  
  30  3:32  Probe  
  33  3:44  Probe  
  34  3:50  Stalker  
  36  3:56  Probe  
  37  4:08  Probe  
  38  4:11  Stalker  
  40  6:18  Probe  
  40  6:55  Sentry  
  40  6:56  Probe  
  40  6:57  Photon Cannon  
  40  6:59  Photon Cannon  
  40  7:00  Pylon  
  43  7:02  Robotics Facility  
  43  7:06  Stargate, Nexus  
  43  7:08  Twilight Council  
  43  7:09  Sentry  
  43  7:11  Gateway  
  45  7:15  Forge  
  45  7:21  Pylon  
  45  7:22  Adept  
  47  7:45  Zealot  
  47  7:51  Observer  
  33  7:59  Zealot  
  35  8:12  Observer  
  36  8:13  Stalker  
  36  8:19  Probe  
  39  8:22  Probe  
  39  8:26  Assimilator, Stalker  
  42  8:29  Pylon  
  42  8:31  Pylon  
  42  8:32  Assimilator  
Tags
 
Add a new tag
Caveats
  • Supply blocks, unpowered buildings, or Contaminate may cause inaccurate times.
  • Supply counts are checked every 10 seconds.